 Dungeon Crawl Stone Soup version 0.29-a0-613-gf2c431b9b9 (webtiles) character file.

Game seed: 8962890493893598200

67 lunkers the Digger (level 3, 0/24 HPs)
             Began as a Demonspawn Earth Elementalist on June 16, 2022.
             Slain by an orc
             ... wielding a +0 trident
              (1 damage)
             ... on level 3 of the Dungeon.
             The game lasted 00:03:07 (2916 turns).

lunkers the Digger (Demonspawn Earth Elementalist)  Turns: 2916, Time: 00:03:07

Health: 0/24       AC:  3    Str:  8    XL:     3   Next: 98%
Magic:  7/7        EV: 12    Int: 18    God:
Gold:   158        SH:  0    Dex: 13    Spells: 4/7 levels left

rFire   . . .      SeeInvis .   (no weapon)
rCold   . . .      Faith    .   (no shield)
rNeg    . . .      Spirit   .   a - +0 robe
rPois   .          Reflect  .   h - +0 helmet
rElec   .          Harm     .   (no cloak)
rCorr   .          Rampage  .   (no gloves)
Will    .....                   (no boots)
Stlth   ++........              (no amulet)
HPRegen 0.08/turn               (no ring)
MPRegen 0.10/turn               (no ring)

@: mighty, very slightly contaminated
A: hooves 1, powered by pain 1
a: no special abilities


You were on level 3 of the Dungeon.
You visited 1 branch of the dungeon, and saw 3 of its levels.

You collected 158 gold pieces.

Inventory:

Missiles
 d - 3 curare-tipped darts
Armour
 a - a +0 robe (worn)
 h - a +0 helmet (worn)
Scrolls
 f - a scroll of vulnerability {unknown}
 g - a scroll of identify {unknown}
 i - a scroll of poison {unknown}
 m - a scroll of magic mapping {unknown}
 n - a scroll of teleportation {unknown}
Potions
 b - a potion of magic
 c - a potion of lignification {unknown}
 e - 2 potions of mutation {unknown}
 j - a potion of brilliance {unknown}
 k - a potion of heal wounds {unknown}
 l - a potion of berserk rage {unknown}


   Skills:
 - Level 1.7 Dodging
 - Level 1.7 Stealth
 + Level 2.7 Spellcasting
 - Level 0.8 Transmutations
 * Level 4.0 Earth Magic


You had 4 spell levels left.
You knew the following spells:

 Your Spells              Type           Power      Damage    Failure   Level
a - Sandblast             Erth           32%        2d9       3%          1
b - Passwall              Tmut/Erth      9%         N/A       10%         2

Your spell library contained the following spells:

 Spells                   Type           Power      Damage    Failure   Level
 Summon Small Mammal      Summ           8%         N/A       17%         1
 Stone Arrow              Conj/Erth      18%        3d8       22%         3
 Call Canine Familiar     Summ           2%         N/A       45%         3
 Summon Guardian Golem    Hex/Summ       2%         N/A       45%         3
 Petrify                  Tmut/Erth      11%        N/A       52%         4
 Olgreb's Toxic Radiance  Pois           2%         N/A       86%         4
 Ozocubu's Refrigeration  Ice            1%         4d5       100%        7
 Ignition                 Fire           1%         3d3       100%        8


Dungeon Overview and Level Annotations

Branches:
Dungeon (3/15)

Altars:


Innate Abilities, Weirdness & Mutations

You have large cloven feet.
You sometimes gain a little power by taking damage.


Message History

An iguana is nearby!
An orc and a goblin come into view.
There are monsters nearby!
Casting: Sandblast (safe; 3% risk of failure)
Confirm with . or Enter, or press ? or * to list all spells.
The blast of sand hits the iguana but does no damage.
There are monsters nearby!
Casting: Sandblast (safe; 3% risk of failure)
Confirm with . or Enter, or press ? or * to list all spells.
The blast of sand hits the iguana but does no damage.
The iguana barely misses you. The iguana bites you!
Ouch! That really hurt!
* * * LOW HITPOINT WARNING * * *
You focus on the pain.
You feel very mighty all of a sudden.
Casting: Sandblast (safe; 3% risk of failure)
Confirm with . or Enter, or press ? or * to list all spells.
Aiming: Sandblast (safe; 3% risk of failure)
Press: ? - help, Shift-Dir - straight line, f/p - iguana
Aim: an iguana (82% to hit)
The blast of sand hits the iguana.
The iguana is lightly wounded.
The orc hits you but does no damage. The iguana completely misses you.
The orc closely misses you. The iguana closely misses you.
Unknown command.
Unknown command.
Casting: Sandblast (safe; 3% risk of failure)
Confirm with . or Enter, or press ? or * to list all spells.
Aiming: Sandblast (safe; 3% risk of failure)
Press: ? - help, Shift-Dir - straight line, f/p - iguana
Aim: an iguana (lightly wounded, 82% to hit)
You miscast Sandblast.
You are very lightly contaminated with residual magic.
Nothing appears to happen.
The orc hits you but does no damage. The iguana misses you.
The iguana bites you!
Ouch! That really hurt!
* * * LOW HITPOINT WARNING * * *
You focus on the pain.
You feel your power returning.
The orc hits you from afar with a +0 trident.
You die...

.. #.
######. .#
g...... .#
.......## .#
........# .#
.......o##.#
.......l.#.#
.......#@#.#
.......#...#
#########..#
####..#
#....>#
#.##### #.#
#.# ##'###


You could see an iguana and an orc.

Vanquished Creatures
  An adder (D:2)
  A worm (D:2)
  2 dart slugs (D:1)
  4 bats
  3 endoplasms
  2 giant cockroaches (D:1)
  7 goblins
  6 hobgoblins
  7 kobolds
  2 quokkas
  4 ball pythons
  A frilled lizard (D:1)
  5 rats
45 creatures vanquished.

Notes
Turn   | Place    | Note
-------+----------+-------------------------------------------
     0 | D:1      | lunkers the Demonspawn Earth Elementalist began the quest
                  | for the Orb.
     0 | D:1      | Reached XP level 1. HP: 13/13 MP: 3/3
     7 | D:1      | You fall into a shaft and drop 1 floor!
    97 | D:2      | Reached skill level 3 in Earth Magic
    97 | D:2      | Gained mutation: You sometimes gain a little power by
                  | taking damage. [demonic ancestry]
    97 | D:2      | Reached XP level 2. HP: 16/19 MP: 0/5
   275 | D:1      | Learned a level 2 spell: Passwall
   924 | D:1      | Gained mutation: You have large cloven feet. [demonic
                  | ancestry]
   924 | D:1      | Reached XP level 3. HP: 24/24 MP: 3/6
  1233 | D:1      | Found a faded altar of an unknown god.
  2535 | D:2      | Reached skill level 4 in Earth Magic
  2916 | D:3      | HP: 1/24 [iguana (12)]
  2916 | D:3      | Slain by an orc

Illustrated notes

Levels and vault maps discovered:
D:1:      amcnicky_arrival_gap_in_the_tavern_cellar, layout_basic,
          shapermc_ecumenical_altar_venn
D:2:      cheibrodos_greedy_goblins, layout_basic, serial_co_window_serial,
          co_window_paths_a, co_window_of_opportunity_a,
          co_window_of_opportunity_a, co_window_corner_a, co_window_corner_a,
          co_window_corner_a, co_window_corner_a, co_window_paths_a,
          co_window_paths_a, co_window_2corner, co_window_unsneaky_path_d,
          co_window_unsneaky_path_c, co_window_4corner_b, glass_columns_a
D:3:      layout_basic

Skill      XL: |  1  2  3 |
---------------+----------+-----
Earth Magic    | 3 4 |  4.0
Dodging        | |  1.7
Stealth        | |  1.7
Spellcasting   | |  2.7
Transmutations | |  0.8

Action                   || total
-------------------------++-------
 Cast: Sandblast         ||    66
Armor: Robe              ||    14
Dodge: Dodged            ||    25

Table legend: (Time is in decaauts)
 A = Elapsed time spent in this place.
 B = Non-inter-level travel time spent in this place.
 C = Inter-level travel time spent in this place.
 D = Time resting spent in this place.
 E = Time spent auto-exploring this place.
 F = Levels seen in this place.
 G = Mean time per level.
                   A        B        C        D        E       F      G
               +--------+--------+--------+--------+--------+-----+--------+
         Total |   2985 |   2908 |     77 |    121 |   2484 |   3 |  995.0 |
       Dungeon |   2985 |   2908 |     77 |    121 |   2484 |   3 |  995.0 |
               +--------+--------+--------+--------+--------+-----+--------+

Top non-repeatable levels by time:
     D:2: 1685 daAuts
     D:1: 1204 daAuts
     D:3: 95 daAuts
